AoeStats
← Vaerso

Arabia

510151179Analyzed
1v1 RM · 3d ago on Sep 29, 2026· 34m 3s· 2 players
Game mode
Random Map
Map size
Tiny (2 player)
Population
200
Speed
Normal
Resources
Standard
Victory
Conquest
Starting age
Dark Age
Ending age
Imperial Age
RankedLock teamsTeams togetherTeam positionsShared explorationLock speedFull tech treeHidden civsTurbo modeCheats
Victory
Defeat
🇩🇪 Hindustanis · Germany
1081
+16
🇫🇷 Wei · France
1081
-16
Vaerso
4:31 Loom
11:40 Feudal Age
12:47 Double-Bit Axe
12:44 Horse Collar
16:50 Gold Mining
20:40 Castle Age
18:45 Stone Mining
19:34 Bloodlines
20:44 Forging
21:30 Bow Saw
21:23 Heavy Plow
21:44 Pikeman
24:43 Iron Casting
itchy2005
6:36 Loom
9:17 Feudal Age
9:53 Double-Bit Axe
11:26 Horse Collar
18:05 Castle Age
16:47 Gold Mining
16:46 Town Watch
17:16 Forging
17:38 Bloodlines
19:17 Husbandry
19:55 Iron Casting
20:04 Wheelbarrow
25:38 Stone Mining
26:06 Hand Cart
25:51 Town Patrol
28:58 Scale Mail Armor
29:43 Bow Saw
29:34 Heavy Plow
30:10 Chain Mail Armor
32:18 Fletching
36:41 Imperial Age
Connection lost

Rejoining the realm…

Still unreachable

The connection could not be restored.

Session expired

The server has moved on; the page needs a fresh start.